 Dungeon Crawl Stone Soup version 0.30-a0-972-gf3ab3527aa (webtiles) character file.

Game seed: 18298029568484605919

44 vishdafish the Gusty (level 3, 0/24 HPs)
             Began as a Demonspawn Air Elementalist on Mar 31, 2023.
             Shot with a sling bullet by a goblin (18 damage)
             ... on level 3 of the Dungeon.
             The game lasted 00:01:54 (2214 turns).

vishdafish the Gusty (Demonspawn Air Elementalist)  Turns: 2214, Time: 00:01:54

Health: 0/24       AC:  2    Str:  8    XL:     3   Next: 39%
Magic:  1/6        EV: 12    Int: 24    God:
Gold:   94         SH:  5    Dex: 13    Spells: 6/7 levels left

rFire   . . .      SeeInvis .    n - +0 quarterstaff
rCold   . . .      Faith    .    (shield currently unavailable)
rNeg    . . .      Spirit   .    a - +0 robe
rPois   .          Reflect  +    (no helmet)
rElec   .          Rampage  .    (no cloak)
rCorr   .                        (no gloves)
Will    .....                    (no boots)
Stlth   ++                       g - amulet of reflection
HPRegen 0.24/turn                m - +6 ring of intelligence
MPRegen 0.10/turn                (no ring)

@: no status effects
A: powered by death 1
a: no special abilities


You were on level 3 of the Dungeon.
You visited 1 branch of the dungeon, and saw 3 of its levels.

You collected 94 gold pieces.

Inventory:

Hand Weapons
 e - a +0 club
 n - a +0 quarterstaff (weapon)
Armour
 a - a +0 robe (worn)
Jewellery
 g - an amulet of reflection (around neck)
 m - a +6 ring of intelligence (left hand)
Scrolls
 d - a scroll of noise {unknown}
 j - a scroll of identify {unknown}
 l - a scroll of magic mapping {unknown}
 o - 2 scrolls of torment {unknown}
 q - a scroll of amnesia {unknown}
 r - a scroll of fog {unknown}
 s - a scroll of enchant weapon {unknown}
 t - a scroll of poison {unknown}
Potions
 b - a potion of mutation {unknown}
 c - a potion of haste {unknown}
 f - a potion of heal wounds {unknown}
 h - a potion of degeneration {unknown}
 i - a potion of berserk rage {unknown}
 k - 2 potions of curing {unknown}
 p - a potion of cancellation {unknown}


   Skills:
 - Level 1.7 Dodging
 - Level 1.7 Stealth
 + Level 2.5 Spellcasting
 - Level 2.0 Conjurations
 * Level 3.2 Air Magic


You had 6 spell levels left.
You knew the following spells:

 Your Spells              Type           Power      Damage    Failure   Level
a - Shock                 Conj/Air       60%        1d6       3%          1

Your spell library contained the following spells:

 Spells                   Type           Power      Damage    Failure   Level
 Static Discharge         Conj/Air       30%        2-4/arc   6%          2
 Swiftness                Air            18%        N/A       9%          3
 Airstrike                Air            9%         2d(2-18)  28%         4
 Ozocubu's Armour         Ice            3%         N/A       34%         3
 Metabolic Englaciation   Hex/Ice        1%         N/A       97%         5
 Simulacrum               Ice/Necr       1%         N/A       100%        6


Dungeon Overview and Level Annotations

Branches:
Dungeon (3/15)

Altars:


Innate Abilities, Weirdness & Mutations

You regenerate a little health from kills.


Message History

You kill the jackal!
The zap hits the jackal.
The jackal is moderately wounded.
The jackal closely misses you. The jackal bites you.
The zap hits the jackal.
The jackal is heavily wounded.
The jackal bites you.
The zap hits the jackal.
The jackal is almost dead.
The jackal barely misses you. The jackal bites you.
You are out of magic!
You are out of magic!
You hit the jackal but do no damage.
The jackal is almost dead.
You block the jackal's attack.
You hit the jackal but do no damage.
The jackal is almost dead.
You block the jackal's attack.
The jackal bites you but does no damage.
You hit the jackal but do no damage.
The jackal is almost dead.
The jackal bites you. The jackal misses you.
You closely miss the jackal.
The jackal is almost dead.
A bat comes into view.
The jackal misses you. You block the jackal's attack.
You barely miss the jackal.
The jackal is almost dead.
The jackal bites you but does no damage.
A goblin comes into view.
It is wielding a +1 sling of electrocution.
The jackal bites you but does no damage.
The goblin shouts!
You hit the jackal.
You kill the jackal!
The goblin shoots a sling bullet.
The sling bullet hits you.
A jackal comes into view.
The goblin shoots a sling bullet.
The sling bullet hits you.
You are electrocuted!!
Ouch! That really hurt!
You die...

# ####........#
####...........#########
.....##.#######........$
#######.# #.......# #.#
#..####.# #.# #..# #.#>
#.# #..##.$... ...
#......... ...
#.@##.#... #.........
#......... ##..#.#.b.
#.....h.$ #..#..g# #..#.
.# .... ...


You could see a jackal, a goblin and a bat (wandering).

Vanquished Creatures
  7 bats
  4 endoplasms
  2 giant cockroaches (D:1)
  3 goblins
  4 hobgoblins
  5 jackals
  A quokka (D:2)
  8 ball pythons
  A frilled lizard (D:2)
  A kobold (D:2)
  2 rats (D:1)
38 creatures vanquished.

Notes
Turn   | Place    | Note
-------+----------+-------------------------------------------
     0 | D:1      | vishdafish the Demonspawn Air Elementalist began the quest
                  | for the Orb.
     0 | D:1      | Reached XP level 1. HP: 13/13 MP: 3/3
   203 | D:1      | Gained mutation: You regenerate a little health from kills.
                  | [demonic ancestry]
   203 | D:1      | Reached XP level 2. HP: 5/19 MP: 0/5
   624 | D:1      | Reached skill level 3 in Air Magic
  1356 | D:2      | Reached XP level 3. HP: 24/24 MP: 4/6
  2214 | D:3      | Shot with a sling bullet by a goblin

Illustrated notes

Levels and vault maps discovered:
D:1:      onia_arrival_mini_maze, layout_loops_cross
D:2:      layout_basic, minmay_goblin_kobold_house
D:3:      layout_loops_cross, goddamned_bats

Skill      XL: |  1  2  3 |
---------------+----------+-----
Air Magic      | 3 |  3.2
Conjurations   | 2 |  2.0
Dodging        | |  1.7
Stealth        | |  1.7
Spellcasting   | |  2.5

Action                     || total
---------------------------++-------
  Melee: Unarmed           ||     7
         Club              ||     9
         Quarterstaff      ||     6
   Cast: Shock             ||    84
    Use: Potion            ||     1
 Armour: Robe              ||    13
  Dodge: Dodged            ||    30
  Block: Other             ||     3

Table legend: (Time is in decaauts)
 A = Elapsed time spent in this place.
 B = Non-inter-level travel time spent in this place.
 C = Inter-level travel time spent in this place.
 D = Time resting spent in this place.
 E = Time spent auto-exploring this place.
 F = Levels seen in this place.
 G = Mean time per level.
                   A        B        C        D        E       F      G
               +--------+--------+--------+--------+--------+-----+--------+
         Total |   2216 |   2162 |     54 |      0 |   1924 |   3 |  738.7 |
       Dungeon |   2216 |   2162 |     54 |      0 |   1924 |   3 |  738.7 |
               +--------+--------+--------+--------+--------+-----+--------+

Top non-repeatable levels by time:
     D:1: 1217 daAuts
     D:2: 840 daAuts
     D:3: 158 daAuts
